 Dungeon Crawl Stone Soup version 0.24-a0-506-g958ff8eaa0 (webtiles) character file.

Game seed: 17557810025130982397

3651 Ablot the Magician (level 10, -6/115 HPs)
             Began as a Gnoll Skald on July 17, 2019.
             Was a Priest of Okawaru.
             Mangled by a porcupine (10 damage)
             ... on level 7 of the Dungeon.
             The game lasted 00:26:02 (6619 turns).

Ablot the Magician (Gnoll Skald)                    Turns: 6619, Time: 00:26:03

Health: -6/115     AC:  5    Str: 21    XL:     10   Next: 12%
Magic:  2/20       EV: 16    Int: 15    God:    Okawaru [***...]
Gold:   204        SH:  0    Dex: 16    Spells: 12/23 levels left

rFire    . . .     SeeInvis .   g - +0 trident
rCold    . . .     Gourm    .   (no shield)
rNeg     . . .     Faith    +   F - +0 leather armour {rPois}
rPois    +         Spirit   .   (no helmet)
rElec    .         Reflect  .   k - +0 cloak
rCorr    .         Harm     .   (no gloves)
MR       +....                  (no boots)
Stlth    ..........             N - amulet of faith
HPRegen  1.29/turn              C - ring of protection from magic
MPRegen  0.17/turn              M - ring of flight

@: berserking, regenerating, very quick
A: distributed training, fangs 1, strong nose
a: Heroism, Renounce Religion, Evoke Flight


You were on level 7 of the Dungeon.
You worshipped Okawaru.
Okawaru was most pleased with you.
You were hungry.

You visited 1 branch of the dungeon, and saw 8 of its levels.

You collected 342 gold pieces.
You spent 138 gold pieces at shops.

Inventory:

Hand Weapons
 g - a +0 trident (weapon)
 z - a +2 dagger of venom
 E - a +2 vampiric war axe
Missiles
 a - 95 arrows
 b - 4 atropa-tipped darts
 f - 97 sling bullets
 i - 318 stones
 o - 79 bolts
 r - 6 curare-tipped darts
 u - 4 poisoned darts
 w - 5 silver boomerangs
 x - 3 silver javelins
 B - 12 javelins (quivered)
Armour
 k - a +0 cloak (worn)
 F - a +0 leather armour of poison resistance (worn)
 G - a +2 buckler
 H - a scarf of cloud immunity
Jewellery
 C - a ring of protection from magic (left hand)
 M - a ring of flight (right hand)
 N - an amulet of faith (around neck)
Wands
 v - a wand of scattershot (7)
 I - a wand of acid (6)
 U - a wand of iceblast (9)
Scrolls
 e - 3 scrolls of random uselessness
 h - 7 scrolls of remove curse
 j - a scroll of identify
 m - 7 scrolls of teleportation
 p - a scroll of enchant armour {unknown}
 q - 3 scrolls of fog
 s - 5 scrolls of enchant weapon
 y - 2 scrolls of magic mapping
 A - 3 scrolls of noise
 J - a scroll of vulnerability {unknown}
 L - a scroll of acquirement {unknown}
 P - a scroll of amnesia {unknown}
 R - a scroll of fear {unknown}
Potions
 c - 2 potions of brilliance
 l - 2 potions of might
 n - a potion of ambrosia
 t - a potion of curing
 D - 2 potions of magic
 K - a potion of lignification
 O - a potion of heal wounds {unknown}
 T - a potion of mutation {unknown}
Comestibles
 d - 8 rations
 S - 3 chunks of flesh


   Skills:
 + Level 6.7 Fighting
 + Level 4.9 Short Blades
 + Level 4.9 Long Blades
 + Level 4.9 Axes
 + Level 4.9 Maces & Flails
 + Level 6.7 Polearms
 + Level 4.9 Staves
 + Level 4.9 Slings
 + Level 4.9 Bows
 + Level 4.9 Crossbows
 + Level 4.9 Throwing
 + Level 5.6 Armour
 + Level 6.7 Dodging
 + Level 4.9 Stealth
 + Level 4.9 Shields
 + Level 4.9 Unarmed Combat
 + Level 7.1 Spellcasting
 + Level 4.0 Conjurations
 + Level 4.0 Hexes
 + Level 6.9 Charms
 + Level 4.0 Summonings
 + Level 4.0 Necromancy
 + Level 4.0 Translocations
 + Level 4.0 Transmutations
 + Level 4.0 Fire Magic
 + Level 4.0 Ice Magic
 + Level 4.0 Air Magic
 + Level 4.0 Earth Magic
 + Level 4.0 Poison Magic
 + Level 5.3 Invocations
 + Level 4.9 Evocations


You had 12 spell levels left.
You knew the following spells:

 Your Spells              Type           Power        Failure   Level  Hunger
a - Infusion              Chrm           ####         1%          1    None
b - Song of Slaying       Chrm           ####....     1%          2    None
c - Shroud of Golubria    Chrm/Tloc      ###...       2%          2    None
d - Regeneration          Chrm/Necr      ###.......   4%          3    ##.....
e - Spectral Weapon       Hex/Chrm       ###.....     4%          3    ##.....

Your spell library contained the following spells:

 Spells                   Type           Power        Failure   Level  Hunger


Dungeon Overview and Level Annotations

Branches:
Dungeon (8/15)             Temple (0/1) D:6
   Lair: D:8-11

Altars:
Dithmenos
Hepliaklqana
Okawaru
Qazlal
Ru
Trog
Vehumet
Wu Jian
The Shining One

Shops:
D:5 ?

Annotations:
D:1 animals
D:4 3 runed translucent doors, Calamarain's ghost, amateur HuMo


Innate Abilities, Weirdness & Mutations

Your experience applies equally to all skills.
You have very sharp teeth.
Your uncanny sense of smell can sniff out nearby items.


Message History

Casting: Regeneration (safe; 4% risk of failure)
Confirm with . or Enter, or press ? or * to list all spells.
Space distorts slightly along a thin shroud covering your body.
The porcupine bites you but does no damage.
Unknown command.
Casting: Shroud of Golubria (safe; 2% risk of failure)
Confirm with . or Enter, or press ? or * to list all spells.
You draw out your weapon's spirit!
The porcupine bites you!
* * * LOW HITPOINT WARNING * * *
Your shroud falls apart!
Unknown command.
It was a potion of berserk rage.
A red film seems to cover your vision as you go berserk!
You feel yourself moving faster!
You feel mighty! The porcupine misses you.
Unknown command.
You hit the porcupine. You bite the porcupine.
The porcupine is severely wounded.
Your spectral weapon closely misses the porcupine.
The porcupine bites you!
You die...

########
#############...@r(#
......##......####[#
#####.##.####.####>#
##...............#.#
##.##.##.####.##.#.#
##.##.##......##.#.#
......#######......#
##.#### ####.###
......# #.###


You could see a porcupine and a friendly spectral +0 trident.

Vanquished Creatures
  Pikel (D:7)
  A wyvern (D:5)
  Duvessa (D:4)
  A porcupine (D:8)
  4 orc warriors
  A phantom (D:7)
  A black bear (D:8)
  5 ogres
  2 centaurs
  3 bullfrogs
  Dowan (D:4)
  8 wights
  2 howler monkeys (D:8)
  2 crimson imps
  6 orc priests
  2 hounds (D:7)
  A jelly (D:5)
  2 bullfrog zombies (D:5)
  6 orc wizards
  3 bullfrog skeletons
  A centaur skeleton (D:6)
  2 iguanas
  Natasha (thrice) (D:3)
  7 worker ants
  2 hound skeletons
  2 worker ant zombies
  4 gnolls (D:6)
  7 adders
  A shadow imp (D:6)
  2 adder skeletons
  4 worms
  3 dart slugs (D:3)
  3 leopard geckos
  27 orcs
  2 bats (D:2)
  4 giant cockroaches
  6 hobgoblins
  4 quokkas
  2 ball pythons (D:3)
  A frilled lizard (D:2)
  6 goblins
  9 kobolds
  A leopard gecko zombie (D:6)
  6 rats
  A plant (D:3)
163 creatures vanquished.

Vanquished Creatures (others)
  A slave (D:8)
  A bullfrog (D:8)
  A spectral weapon (D:4)
3 creatures vanquished.

Grand Total: 166 creatures vanquished

Notes
Turn   | Place    | Note
-------+----------+-------------------------------------------
     0 | D:1      | Ablot the Gnoll Skald began the quest for the Orb.
     0 | D:1      | Reached XP level 1. HP: 20/20 MP: 6/6
     6 | D:1      | Noticed a polar bear
     6 | D:1      | Noticed a black mamba
     7 | D:1      | Noticed a lindwurm
   409 | D:1      | Reached XP level 2. HP: 21/26 MP: 7/7
   921 | D:2      | Reached XP level 3. HP: 15/31 MP: 5/9
   933 | D:2      | Learned a level 2 spell: Song of Slaying
   936 | D:2      | Learned a level 2 spell: Shroud of Golubria
   940 | D:2      | Learned a level 3 spell: Regeneration
   944 | D:2      | Learned a level 3 spell: Spectral Weapon
  1105 | D:2      | Reached skill level 5 in Spellcasting
  1273 | D:2      | Reached skill level 1 in Invocations
  1571 | D:2      | Reached skill level 1 in Short Blades
  1571 | D:2      | Reached skill level 1 in Long Blades
  1571 | D:2      | Reached skill level 1 in Axes
  1571 | D:2      | Reached skill level 1 in Maces & Flails
  1571 | D:2      | Reached skill level 1 in Staves
  1571 | D:2      | Reached skill level 1 in Slings
  1571 | D:2      | Reached skill level 1 in Bows
  1571 | D:2      | Reached skill level 1 in Crossbows
  1571 | D:2      | Reached skill level 1 in Throwing
  1571 | D:2      | Reached skill level 1 in Stealth
  1571 | D:2      | Reached skill level 1 in Shields
  1571 | D:2      | Reached skill level 1 in Unarmed Combat
  1571 | D:2      | Reached skill level 1 in Evocations
  1704 | D:3      | Reached XP level 4. HP: 38/38 MP: 11/11
  1751 | D:3      | Found a shadowy altar of Dithmenos.
  1751 | D:3      | Found a glowing golden altar of the Shining One.
  1784 | D:3      | Found a hazy altar of Hepliaklqana.
  1868 | D:3      | Noticed Natasha
  1878 | D:3      | Killed Natasha
  1878 | D:3      | Reached skill level 1 in Conjurations
  1878 | D:3      | Reached skill level 1 in Hexes
  1878 | D:3      | Reached skill level 1 in Summonings
  1878 | D:3      | Reached skill level 1 in Necromancy
  1878 | D:3      | Reached skill level 1 in Translocations
  1878 | D:3      | Reached skill level 1 in Transmutations
  1878 | D:3      | Reached skill level 1 in Fire Magic
  1878 | D:3      | Reached skill level 1 in Ice Magic
  1878 | D:3      | Reached skill level 1 in Air Magic
  1878 | D:3      | Reached skill level 1 in Earth Magic
  1878 | D:3      | Reached skill level 1 in Poison Magic
  1963 | D:3      | Found a sacrificial altar of Ru.
  2015 | D:3      | Noticed Natasha
  2028 | D:3      | Killed Natasha
  2028 | D:3      | Reached XP level 5. HP: 37/43 MP: 4/12
  2035 | D:3      | Noticed Natasha
  2039 | D:3      | Killed Natasha
  2317 | D:4      | Noticed Duvessa
  2604 | D:3      | Reached XP level 6. HP: 50/50 MP: 8/13
  2777 | D:4      | Found a stormy altar of Qazlal.
  2786 | D:4      | Found a radiant altar of Vehumet.
  2786 | D:4      | Found an ornate altar of the Wu Jian Council.
  2935 | D:4      | Noticed Dowan
  2936 | D:4      | Reached skill level 5 in Fighting
  2936 | D:4      | Reached skill level 5 in Polearms
  2936 | D:4      | Reached skill level 5 in Dodging
  3177 | D:4      | Killed Duvessa
  3189 | D:4      | Killed Dowan
  3189 | D:4      | Reached XP level 7. HP: 8/56 MP: 5/15
  3435 | D:4      | Upgraded the game from 0.24-a0-504-gcfb02b9d07 to
                  | 0.24-a0-506-g958ff8eaa0
  3657 | D:4      | Found a runed translucent gate.
  3659 | D:4      | Found a runed translucent gate.
  3660 | D:4      | Found a runed translucent gate.
  3662 | D:4      | Noticed Calamarain's ghost (amateur HuMo)
  3771 | D:5      | Entered Level 5 of the Dungeon
  4237 | D:5      | Reached XP level 8. HP: 47/63 MP: 13/16
  4265 | D:5      | Noticed a wyvern
  4284 | D:5      | Found an iron altar of Okawaru.
  4297 | D:5      | Became a worshipper of Warmaster Okawaru
  4631 | D:5      | Killed a wyvern
  4681 | D:5      | Reached skill level 6 in Spellcasting
  4686 | D:5      | Found Onled's Magic Scroll Shop.
  4695 | D:5      | Bought a scroll of magic mapping for 42 gold pieces
  4695 | D:5      | Bought a scroll of teleportation for 36 gold pieces
  4695 | D:5      | Bought a scroll of remove curse for 36 gold pieces
  4695 | D:5      | Bought a scroll of fog for 24 gold pieces
  4889 | D:6      | Found a bloodstained altar of Trog.
  5139 | D:6      | Reached * piety under Okawaru
  5424 | D:6      | Reached XP level 9. HP: 61/69 MP: 11/18
  5444 | D:6      | Found a staircase to the Ecumenical Temple.
  6024 | D:7      | Reached ** piety under Okawaru
  6219 | D:7      | Reached skill level 5 in Armour
  6379 | D:7      | Reached *** piety under Okawaru
  6487 | D:7      | Reached skill level 5 in Invocations
  6551 | D:8      | Noticed Pikel
  6569 | D:7      | Killed Pikel
  6569 | D:7      | Reached skill level 7 in Spellcasting
  6569 | D:7      | Reached XP level 10. HP: 48/77 MP: 10/20
  6617 | D:7      | HP: 1/77 [porcupine (12)]
  6619 | D:7      | Mangled by a porcupine

Levels and vault maps discovered:
D:1:      onia_arrival_zoo_common, layout_basic, roderic_serpentine_path
D:2:      layout_basic, minmay_misc_feat_secret_circle
D:3:      layout_basic, grunt_temple_overflow_open,
          nicolae_ru_the_path_less_chosen, uniq_natasha
D:4:      layout_rooms, minitemple, gammafunk_ghost_necromancy, uniq_duvessa
D:5:      layout_basic, first_ration, basic_altar, serial_shops,
          nicolae_shop_crystal
D:6:      layout_cave_pools, temple_fountains, basic_altar
D:7:      layout_loops_cross
D:8:      layout_rooms, due_lair_maze_entry_diamond, uniq_erica, uniq_pikel

Skill      XL: |  1  2  3  4  5  6  7  8  9 10 |
---------------+-------------------------------+-----
Spellcasting   | 5 6 7 |  7.1
Invocations    | 1 2 3 4 5 |  5.3
Short Blades   | 1 2 3 4 |  4.9
Long Blades    | 1 2 3 4 |  4.9
Axes           | 1 2 3 4 |  4.9
Maces & Flails | 1 2 3 4 |  4.9
Staves         | 1 2 3 4 |  4.9
Slings         | 1 2 3 4 |  4.9
Bows           | 1 2 3 4 |  4.9
Crossbows      | 1 2 3 4 |  4.9
Throwing       | 1 2 3 4 |  4.9
Stealth        | 1 2 3 4 |  4.9
Shields        | 1 2 3 4 |  4.9
Unarmed Combat | 1 2 3 4 |  4.9
Evocations     | 1 2 3 4 |  4.9
Conjurations   | 1 2 3 4 |  4.0
Hexes          | 1 2 3 4 |  4.0
Summonings     | 1 2 3 4 |  4.0
Necromancy     | 1 2 3 4 |  4.0
Translocations | 1 2 3 4 |  4.0
Transmutations | 1 2 3 4 |  4.0
Fire Magic     | 1 2 3 4 |  4.0
Ice Magic      | 1 2 3 4 |  4.0
Air Magic      | 1 2 3 4 |  4.0
Earth Magic    | 1 2 3 4 |  4.0
Poison Magic   | 1 2 3 4 |  4.0
Armour         | 3 4 5 |  5.6
Fighting       | 5 6 |  6.7
Polearms       | 5 6 |  6.7
Dodging        | 5 6 |  6.7
Charms         | 6 |  6.9

Action                   |  1- 3 |  4- 6 |  7- 9 | 10-12 || total
-------------------------+-------+-------+-------+-------++-------
Melee: Spear             |   125 |   176 |       |       ||   301
       Bite              |    13 |    23 |    50 |     4 ||    90
       Punch             |       |     1 |     7 |     1 ||     9
       Trident           |       |    34 |   338 |    21 ||   393
       Dagger            |       |    14 |       |       ||    14
Throw: Dart              |     1 |       |       |       ||     1
       Javelin           |       |       |     3 |       ||     3
 Cast: Infusion          |     1 |     3 |     5 |       ||     9
       Shroud of Golubri |     2 |     8 |    32 |     1 ||    43
       Regeneration      |     2 |     8 |    22 |     2 ||    34
       Spectral Weapon   |       |     4 |    24 |     2 ||    30
       Song of Slaying   |       |     1 |     7 |     1 ||     9
  Use: Scroll            |       |       |    12 |       ||    12
       Potion            |       |       |       |     1 ||     1
 Stab: Sleeping          |     5 |     1 |     8 |       ||    14
       Distracted        |       |       |     1 |     1 ||     2
  Eat: Chunk             |     3 |     5 |    13 |       ||    21
       Ration            |       |       |     1 |       ||     1
Armor: Leather armour    |    15 |    19 |    42 |     8 ||    84
Dodge: Dodged            |    59 |   103 |   209 |    27 ||   398

Table legend:
 A = Non-vault XP
 B = Vault XP
 C = Vault XP percentage of total XP
 D = Non-vault monster count
 E = Vault monster count
 F = Vault count percentage of total count
                 A         B        C        D         E       F
            +---------+---------+-------+---------+---------+-------
      Total |    4228 |     988 |  18.9 |     156 |       6 |   3.7
            +---------+---------+-------+---------+---------+-------
        D:1 |      14 |       0 |   0.0 |      10 |       0 |   0.0
        D:2 |      64 |       0 |   0.0 |      20 |       0 |   0.0
        D:3 |     165 |      35 |  17.5 |      22 |       1 |   4.3
        D:4 |     407 |     223 |  35.4 |      21 |       2 |   8.7
        D:5 |     746 |       0 |   0.0 |      18 |       0 |   0.0
        D:6 |    1148 |       0 |   0.0 |      31 |       0 |   0.0
        D:7 |    1488 |     629 |  29.7 |      30 |       1 |   3.2
        D:8 |     196 |     101 |  34.0 |       4 |       2 |  33.3
            +---------+---------+-------+---------+---------+-------
